 Dungeon Crawl Stone Soup version 0.28-a0-1447-ga5a8893891 (webtiles) character file.

Game seed: 17663502682776762024

62 vineage the Cudgeller (level 3, -1/33 HPs)
             Began as a Minotaur Gladiator on Jan 10, 2022.
             Slain by Sigmund (19 damage)
             ... on level 3 of the Dungeon.
             The game lasted 00:01:52 (2109 turns).

vineage the Cudgeller (Minotaur Gladiator)          Turns: 2109, Time: 00:01:52

Health: -1/33      AC:  3    Str: 16 (18) XL:     3   Next: 85%
Magic:  2/2        EV: 12    Int:  4 (5)  God:
Gold:   65         SH:  0    Dex: 12 (13) Spells: 2/2 levels left

rFire   . . .      SeeInvis .   a - +0 flail
rCold   . . .      Faith    .   (no shield)
rNeg    . . .      Spirit   .   b - +0 leather armour
rPois   .          Reflect  .   c - +0 hat
rElec   .          Harm     .   (no cloak)
rCorr   .          Rampage  .   (no gloves)
Will    .....                   (no boots)
Stlth   +.........              (no amulet)
HPRegen 0.11/turn               (no ring)
MPRegen 0.08/turn               (no ring)

@: mighty
A: horns 2, retaliatory headbutt
a: no special abilities


You were on level 3 of the Dungeon.
You visited 1 branch of the dungeon, and saw 3 of its levels.

You collected 65 gold pieces.

Inventory:

Hand Weapons
 a - a +0 flail (weapon)
Missiles
 d - 3 throwing nets (quivered)
Armour
 b - a +0 leather armour (worn)
 c - a +0 hat (worn)
Scrolls
 f - a scroll of identify {unknown}
Potions
 e - a potion of might
 g - a potion of degeneration
 j - a potion of mutation {unknown}
 k - a potion of berserk rage {unknown}


   Skills:
 + Level 4.0 Fighting
 + Level 4.8 Maces & Flails
 - Level 2.0 Throwing
 - Level 3.2 Dodging


You had 2 spell levels left.
You didn't know any spells.
Your spell library was empty.

Dungeon Overview and Level Annotations

Branches:
Dungeon (2/15)

Altars:

Annotations:
D:3 Sigmund


Innate Abilities, Weirdness & Mutations

You have a pair of horns on your head.
You reflexively headbutt those who attack you in melee.


Message History

You hit Ijyb.
Ijyb is moderately wounded.
Ijyb zaps a wand.
The puff of flame hits you!
* * * LOW HITPOINT WARNING * * *
You are too injured to fight recklessly!
You are too injured to fight recklessly!
It was a potion of degeneration.
There was something very wrong with that liquid.
You feel weakened.
You feel dopey.
You feel clumsy. Ijyb hits you with a +0 club.
* * * LOW HITPOINT WARNING * * *
It was a potion of might.
You feel very mighty all of a sudden.
Sigmund drinks a potion.
Sigmund seems to grow stronger.
Ijyb closely misses you.
A rat comes into view.
It was a potion of heal wounds.
You feel much better.
Sigmund hits you from afar with a +0 scythe of protection!
Ijyb hits you but does no damage.
You barely miss Ijyb.
Ijyb is moderately wounded.
Ijyb screams, "I dance on your bones!"
Ijyb zaps a wand.
The puff of flame misses you. Sigmund barely misses you.
You hit Ijyb.
Ijyb is heavily wounded.
Ijyb closely misses you.
You sock Ijyb! You headbutt Ijyb.
You kill Ijyb!
Sigmund barely misses you.
You feel your dexterity returning.
Your Fighting skill increases to level 4!
You barely miss the rat. Sigmund misses you. The rat barely misses you.
You hit the rat.
You kill the rat!
Sigmund closely misses you.
Items here: ) / [ ††.
Found a falchion.
Sigmund hits you with a +0 scythe of protection!!
Ouch! That really hurt!
You die...

###..#####.#
##..).##.## .. #.
####.....# #) ...
###...# #. #.#
##..###. ...
#...#..##.#
#######.##sr..
........?##@###.###
#######.#.)@......#
#.#######.#.. #..
##. ##


You could see Sigmund (strong), a scorpion and a rat.

Vanquished Creatures
  Ijyb (D:3)
  An orc (D:3)
  3 endoplasms (D:1)
  5 goblins
  5 hobgoblins (D:1)
  5 kobolds
  A quokka (D:1)
  4 ball pythons
  4 bats
  4 frilled lizards
  2 rats
35 creatures vanquished.

Notes
Turn   | Place    | Note
-------+----------+-------------------------------------------
     0 | D:1      | vineage the Minotaur Gladiator began the quest for the Orb.
     0 | D:1      | Reached XP level 1. HP: 18/18 MP: 0/0
   446 | D:1      | Reached XP level 2. HP: 25/25 MP: 1/1
  1610 | D:2      | Reached XP level 3. HP: 27/31 MP: 2/2
  2023 | D:2      | Identified the +1 robe of Purpose {rElec rF+}
  2075 | D:2      | You fall into a shaft and drop 1 floor!
  2095 | D:3      | Noticed Ijyb
  2097 | D:3      | Noticed Sigmund
  2098 | D:3      | Noticed a scorpion
  2105 | D:3      | Killed Ijyb
  2109 | D:3      | Slain by Sigmund

Illustrated notes

Levels and vault maps discovered:
D:1:      saegor_arrival_simple_b, layout_basic, chequers_serial_rivers_micro_e,
          st_stairs_9, chequers_serial_rivers_micro_e
D:2:      layout_basic, minmay_misc_feat_doors
D:3:      layout_rooms, nicolae_concentric_dashed_squares_mild, uniq_sigmund,
          uniq_ijyb, uniq_crazy_yiuf_cottage

Skill      XL: |  1  2  3 |
---------------+----------+-----
Maces & Flails | 4 |  4.8
Fighting       | 3 4 |  4.0
Throwing       | |  2.0
Dodging        | |  3.2

Action                   || total
-------------------------++-------
Melee: Flail             ||    70
       Headbutt          ||     7
       Punch             ||     1
  Use: Scroll            ||     2
       Potion            ||     3
Armor: Leather armour    ||    14
Dodge: Dodged            ||    56

Table legend: (Time is in decaauts)
 A = Elapsed time spent in this place.
 B = Non-inter-level travel time spent in this place.
 C = Inter-level travel time spent in this place.
 D = Time resting spent in this place.
 E = Time spent auto-exploring this place.
 F = Levels seen in this place.
 G = Mean time per level.
                   A        B        C        D        E       F      G
               +--------+--------+--------+--------+--------+-----+--------+
         Total |   2122 |   2101 |     21 |      0 |   1906 |   3 |  707.3 |
       Dungeon |   2122 |   2101 |     21 |      0 |   1906 |   3 |  707.3 |
               +--------+--------+--------+--------+--------+-----+--------+

Top non-repeatable levels by time:
     D:1: 1250 daAuts
     D:2: 835 daAuts
     D:3: 35 daAuts
